 Dungeon Crawl Stone Soup version 0.29-a0-887-gcbe080d7e0 (webtiles) character file.

Game seed: 4542323286658475027

135 avis the Chiller (level 4, -1/36 HPs)
             Began as a Demigod Ice Elementalist on July 22, 2022.
             Slain by Grinder (4 damage)
             ... on level 4 of the Dungeon.
             The game lasted 00:20:11 (4099 turns).

avis the Chiller (Demigod Ice Elementalist)         Turns: 4099, Time: 00:20:13

Health: -1/36      AC: 16    Str:  9    XL:     4   Next: 66%
Magic:  3/11       EV: 12    Int: 17    God:
Gold:   133        SH:  0    Dex: 18    Spells: 5/9 levels left

rFire   . . .      SeeInvis .   a - +1 short sword "Qysod" {protect, Stlth+}
rCold   + . .      Faith    .   (no shield)
rNeg    . . .      Spirit   .   r - +1 leather armour {rC+}
rPois   .          Reflect  .   (no helmet)
rElec   .          Harm     .   (no cloak)
rCorr   .          Rampage  .   u - +0 pair of gloves
Will    .....                   (no boots)
Stlth   +++.......              s - amulet of regeneration
HPRegen 0.92/turn               o - ring of flight
MPRegen 0.12/turn               (no ring)

@: ice-armoured, under a protective aura, flying, studying Maces & Flails
A: high MP 1, forlorn, divine attributes
a: no special abilities


You were on level 4 of the Dungeon.
You visited 1 branch of the dungeon, and saw 4 of its levels.

You collected 133 gold pieces.

Inventory:

Hand Weapons
 a - the +1 short sword "Qysod" (weapon) {protect, Stlth+}
   (You found it on level 2 of the Dungeon)

   It grants its wielder temporary protection when it strikes (+7 to AC).
   Stlth:     It makes you more stealthy.
Armour
 r - a +1 leather armour of cold resistance (worn)
 u - a +0 pair of gloves (worn)
Jewellery
 o - a ring of flight (left hand)
 s - an amulet of regeneration (around neck)
 w - a ring of fire
Scrolls
 d - a scroll of silence {unknown}
 e - 2 scrolls of identify {unknown}
 f - 2 scrolls of amnesia {unknown}
 g - a scroll of fog {unknown}
 j - a scroll of immolation
 k - 2 scrolls of blinking {unknown}
 n - a scroll of teleportation {unknown}
 t - 2 scrolls of brand weapon {unknown}
Potions
 b - a potion of magic
 c - 2 potions of heal wounds {unknown}
 h - 2 potions of degeneration {unknown}
 l - a potion of mutation {unknown}
 m - 3 potions of curing {unknown}
 p - a potion of brilliance {unknown}
 q - a potion of haste {unknown}
 v - a potion of lignification {unknown}


   Skills:
 - Level 2.0 Fighting
 - Level 2.0 Dodging
 - Level 2.0 Stealth
 - Level 3.0 Spellcasting
 * Level 4.3 Ice Magic


You had 5 spell levels left.
You knew the following spells:

 Your Spells              Type           Power      Damage    Failure   Level
a - Freeze                Ice            68%        1d8       4%          1
o - Ozocubu's Armour      Ice            17%        N/A       12%         3

Your spell library contained the following spells:

 Spells                   Type           Power      Damage    Failure   Level
 Frozen Ramparts          Ice            34%        1d5       12%         3
 Blink                    Tloc           4%         N/A       36%         2
 Lesser Beckoning         Tloc           2%         N/A       58%         3
 Hailstorm                Conj/Ice       9%         3d4       69%         4
 Manifold Assault         Tloc           2%         N/A       100%        5


Dungeon Overview and Level Annotations

Branches:
Dungeon (4/15)
 Temple: D:4-7

Shops:
D:1 (   D:3 =

Annotations:
D:3 1 runed translucent door, zeratav's ghost, amateur OpVM
D:4 Grinder


Innate Abilities, Weirdness & Mutations

You have an increased reservoir of magic. (+10% MP)
You shall have no god before yourself.
Your divine heritage dramatically boosts your attributes as you level up.


Message History

You suddenly lose the ability to move!
Grinder says, "Mostly I couldn't keep them alive."
Grinder gestures at you. You resist with significant effort.
You can move again.
You hit Grinder but do no damage.
Grinder is severely wounded.
Grinder hits you! Grinder hits you but does no damage.
You barely miss Grinder.
Grinder is severely wounded.
Grinder hits you.
You barely miss Grinder.
Grinder is severely wounded.
Grinder gestures at you. Pain shoots through your body!
* * * LOW HITPOINT WARNING * * *
You closely miss Grinder.
Grinder is severely wounded.
Grinder barely misses you.
You hit Grinder.
Grinder is severely wounded.
Grinder misses you.
Casting: Freeze (safe; 4% risk of failure)
Confirm with . or Enter, or press ? or * to list all spells.
Aiming: Freeze (safe; 4% risk of failure)
Press: ? - help, Shift-Dir - straight line, f/p - Grinder
Aim: Grinder (severely wounded)
You freeze Grinder.
Grinder resists.
Grinder is severely wounded.
Grinder barely misses you.
Casting: Freeze (safe; 4% risk of failure)
Confirm with . or Enter, or press ? or * to list all spells.
Aiming: Freeze (safe; 4% risk of failure)
Press: ? - help, Shift-Dir - straight line, f/p - Grinder
Aim: Grinder (severely wounded)
You freeze Grinder but do no damage.
Grinder completely resists.
Grinder hits you!
* * * LOW HITPOINT WARNING * * *
You writhe in agony.
You die...

#.............
#..(.(..!..#
#....(.....#
#....(.....##
#....(........
#....h.....###
#####h#....#
#5#..?.#
#@#....#
#.#....#
#.###### #.#
... ... ...
#....


You could see Grinder and 2 jackals.

Vanquished Creatures
  A scorpion (D:3)
  An adder (D:2)
  4 dart slugs
  4 orcs (D:3)
  3 endoplasms
  4 giant cockroaches
  6 goblins
  7 hobgoblins
  5 jackals
  3 quokkas
  5 ball pythons
  3 bats (D:1)
  4 frilled lizards (D:1)
  4 kobolds
  2 rats (D:1)
56 creatures vanquished.

Vanquished Creatures (others)
  A necrophage (D:4)
1 creature vanquished.

Grand Total: 57 creatures vanquished

Notes
Turn   | Place    | Note
-------+----------+-------------------------------------------
     0 | D:1      | avis the Demigod Ice Elementalist began the quest for the
                  | Orb.
     0 | D:1      | Reached XP level 1. HP: 14/14 MP: 5/5
   224 | D:1      | Reached skill level 1 in Fighting
   324 | D:1      | Reached XP level 2. HP: 23/23 MP: 4/7
   556 | D:1      | Reached skill level 4 in Ice Magic
   832 | D:1      | Found Poruh's Weapon Shop.
  1173 | D:2      | Reached XP level 3. HP: 19/29 MP: 1/8
  1347 | D:2      | Learned a level 3 spell: Ozocubu's Armour
  1732 | D:2      | Identified the +1 short sword "Qysod" {protect, Stlth+}
  2956 | D:3      | Found a runed translucent door.
  2958 | D:3      | Noticed zeratav's ghost (amateur OpVM)
  3183 | D:3      | Noticed a scorpion
  3188 | D:3      | Killed a scorpion
  3189 | D:3      | Reached XP level 4. HP: 36/36 MP: 4/11
  3616 | D:3      | Found Qitiocal's Jewellery Shop.
  4020 | D:4      | Noticed Grinder
  4038 | D:4      | Paralysed by Grinder for 4 turns
  4044 | D:4      | Killed a necrophage
  4066 | D:4      | Paralysed by Grinder for 4 turns
  4091 | D:4      | Paralysed by Grinder for 2 turns
  4099 | D:4      | Slain by Grinder

Illustrated notes

Levels and vault maps discovered:
D:1:      amcnicky_arrival_blooded_trapdoor, layout_loops_ring, serial_shops,
          nicolae_lakefront_shop, minmay_misc_feat_roman, amethyst_killhole
D:2:      layout_basic, shapermc_ecumenical_altar_mp_urbaneastern
D:3:      layout_loops_corners, okawaru_altar_gauntlet_db, serial_shops,
          nicolae_shop_waterfront, ebering_ghost_inner_flame, serial_glass,
          glass_columns_a, glass_columns_c, kennysheep_cross_room
D:4:      layout_basic, makhleb_blood_cavern_becter, lemuel_temple_firewalk_b,
          uniq_grinder

Skill      XL: |  1  2  3 |
---------------+----------+-----
Fighting       | 1 2 |  2.0
Spellcasting   | 2 3 |  3.0
Ice Magic      | 4 |  4.3
Stealth        | 2 |  2.0
Dodging        | 2 |  2.0

Action                   |  1- 3 |  4- 6 || total
-------------------------+-------+-------++-------
Melee: Dagger            |     5 |       ||     5
       Short sword       |    23 |    35 ||    58
Throw: Dart              |       |    12 ||    12
 Cast: Freeze            |    56 |    11 ||    67
       Ozocubu's Armour  |     3 |     2 ||     5
 Stab: Sleeping          |     6 |     1 ||     7
       Distracted        |     1 |       ||     1
Armor: Robe              |     2 |       ||     2
       Leather armour    |    10 |    18 ||    28
Dodge: Dodged            |    35 |    25 ||    60

Table legend: (Time is in decaauts)
 A = Elapsed time spent in this place.
 B = Non-inter-level travel time spent in this place.
 C = Inter-level travel time spent in this place.
 D = Time resting spent in this place.
 E = Time spent auto-exploring this place.
 F = Levels seen in this place.
 G = Mean time per level.
                   A        B        C        D        E       F      G
               +--------+--------+--------+--------+--------+-----+--------+
         Total |   4105 |   3509 |    596 |    574 |   2226 |   4 | 1026.2 |
       Dungeon |   4105 |   3509 |    596 |    574 |   2226 |   4 | 1026.2 |
               +--------+--------+--------+--------+--------+-----+--------+

Top non-repeatable levels by time:
     D:2: 1435 daAuts
     D:3: 1319 daAuts
     D:1: 1258 daAuts
     D:4: 91 daAuts
